Map: Daybreak LE (Void)

Players

Kabanus

  • Race: Terran Terran
  • League: Gold
  • Spawn Location: 1:00

Turannos - Winner!

  • Race: Terran Terran
  • League: Gold
  • Spawn Location: 7:00

VOD

Have the link to the VOD?

Description

Time

  • Played on: Jan. 2, 2017, 1:31 p.m.
  • Length: 12:17
Show
View Real Time Build Order
Export as new Build Order

Kabanus Terran 

Build Orders: Reaper Expand 

Get SALT Encoding   

  12  0:01  SCV  
  13  0:18  Supply Depot  
  13  0:22  SCV  
  14  0:29  Refinery  
  14  0:41  Barracks  
  14  0:42  SCV  
  15  0:54  SCV  
  16  1:06  SCV  
  18  1:18  SCV  
  18  1:28  Reaper  
  18  1:30  Supply Depot  
  19  1:40  Orbital Command  
  19  1:45  Refinery  
  19  1:56  Factory  
  19  2:15  Barracks Reactor  
  19  2:17  SCV  
  20  2:29  Command Center  
  19  2:41  Hellion  
  21  2:51  Marine  
  21  2:52  Marine  
  21  2:58  Barracks  
  23  3:09  SCV  
  24  3:24  Marine  
  22  3:32  Hellion  
  22  3:33  Hellion  
  20  3:54  Marine  
  15  4:11  Widow Mine x2  
  15  4:12  Marine  
  20  4:18  SCV  
  21  4:30  Marine, SCV  
  20  4:33  Marine  
  21  4:51  Marine x2  
  23  5:04  SCV  
  24  5:09  Marine  
  25  5:16  SCV  
  26  5:27  Marine  
  27  5:28  SCV  
  24  5:41  SCV  
  25  5:44  Marine  
  26  5:55  Marine  
  27  6:02  Marine  
  28  6:07  Widow Mine  
  28  6:10  Widow Mine  
  32  6:12  SCV  
  32  6:13  Marine, Orbital Command  
  34  6:20  Marine  
  35  6:31  Barracks Tech Lab  
  35  6:38  Marine  
  36  6:56  Marine  
  37  7:02  Siege Tank  
  40  7:12  SCV  
  36  7:33  Marine  
  30  7:44  Orbital Command  
  30  7:51  Marine  
  23  8:13  Siege Tank  
  23  8:14  Marine  
  23  8:15  Marine x2  
  23  8:18  Orbital Command  
  29  8:32  Marine  
  30  8:40  SCV  
  31  8:46  SCV  
  32  9:00  Starport  
  33  9:02  SCV  
  33  9:03  SCV  
  34  9:16  SCV x2  
  36  9:18  Marine  
  37  9:30  SCV x2  
  37  9:31  Barracks  
  39  9:35  Engineering Bay  
  39  9:37  Refinery  
  39  9:40  Refinery  
  39  9:42  SCV x2  
  39  9:43  Medivac  
  43  9:49  Barracks Tech Lab  
  43  9:55  Siege Tank  
  46  10:11  Missile Turret  
  46  10:14  Marine  
  46  10:15  SCV  
  46  10:18  Marine x2  
  45  10:31  Marine  
Show
View Real Time Build Order
Export as new Build Order

Turannos Terran - Winner!

Build Orders: MMM Bio 

Get SALT Encoding   

  12  0:01  SCV  
  13  0:13  SCV  
  14  0:18  Supply Depot  
  14  0:25  SCV  
  15  0:39  SCV  
  15  0:40  Barracks  
  16  0:45  Refinery  
  16  0:58  Barracks  
  16  1:07  SCV  
  17  1:19  SCV  
  18  1:33  Reaper  
  18  1:39  Orbital Command  
  19  1:42  Refinery  
  19  1:46  Reaper  
  20  2:08  Reaper  
  20  2:09  Supply Depot  
  21  2:20  Reaper  
  22  2:48  Command Center  
  22  2:54  Factory  
  22  3:13  Barracks Tech Lab  
  22  3:14  Barracks Reactor  
  21  3:35  Marine  
  22  3:52  Marine x2  
  23  4:04  Factory Tech Lab  
  23  4:05  Starport  
  23  4:06  SCV  
  24  4:13  Orbital Command  
  24  4:16  Stimpack, Marine x2  
  26  4:17  Marine  
  27  4:33  SCV  
  28  4:40  Siege Tank  
  31  4:45  SCV  
  31  4:49  Medivac  
  33  5:37  Marine x3  
  33  5:40  Siege Tank  
  38  5:43  Medivac  
  40  5:54  Engineering Bay  
  40  5:55  Engineering Bay, SCV x2  
  40  5:56  Supply Depot  
  42  6:06  Marine x2  
  42  6:07  Marine, SCV  
  46  6:14  Barracks x2  
  47  6:18  Supply Depot, SCV  
  47  6:20  Starport Reactor  
  47  6:23  Combat Shields  
  47  6:34  Refinery  
  47  6:36  SCV x2  
  49  6:41  Siege Tank  
  49  6:46  Terran Infantry Armor Level 1, Terran Infantry Weapons Level 1  
  52  6:54  Refinery  
  52  6:57  Armory  
  52  7:02  SCV x2  
  54  7:14  SCV x2  
  56  7:16  Command Center  
  53  7:40  Siege Tank, Marine x2  
  53  7:41  Barracks Tech Lab, Barracks Reactor  
  52  7:59  Marine x3  
  52  8:01  Marauder  
  52  8:02  SCV x2  
  59  8:13  Medivac  
  59  8:14  SCV  
  59  8:19  Supply Depot  
  62  8:21  Supply Depot  
  62  8:24  Medivac, SCV  
  65  8:27  SCV  
  65  8:31  Orbital Command  
  66  8:46  Terran Infantry Weapons Level 2  
  66  8:48  Terran Infantry Armor Level 2  
  66  9:05  SCV x3  
  66  9:07  Marine x3  
  66  9:08  Marine  
  75  9:10  Marauder  
  75  9:12  Marauder  
  77  9:21  SCV x3  
  80  9:32  Marine  
  80  9:33  Marine x3  
  80  9:34  Marauder  
  80  9:35  Marauder  
  88  9:53  SCV x3  
  88  9:54  Marine x3  
  88  9:55  Marauder  
  88  9:56  Marauder, Marine  
  99  10:05  Supply Depot  
  99  10:07  Supply Depot  
  99  10:08  Supply Depot  
  99  10:25  Marine  
  99  10:26  Marine x3  
  99  10:27  Marauder x2  
  110  10:28  Siege Tank  
  110  10:43  Marine x2  
  110  10:46  Marine x2  
  110  10:48  Marine x2  
  116  11:01  Marine x2  
  116  11:03  Marine  
  116  11:04  Marine  
  111  11:06  Marauder x2  
  111  11:10  Medivac x2  
  108  11:13  Siege Tank  
  109  11:19  Marine x2  
  109  11:21  Marine  
  110  11:27  Marauder x2  
  114  11:35  Marine  
  114  11:37  Marine x2  
  114  11:39  Marine  
  118  11:40  Medivac x2  
  118  11:45  SCV x3  
  125  12:01  SCV x2  
  125  12:03  SCV  
Tags
 
Composition
MMM Bio
League
GoldGold
Matchup
TvT
Race
Terran
Spawn Locations
Cross Positions
Add a new tag
Caveats
  • Supply blocks, unpowered buildings, or Contaminate may cause inaccurate times.
  • Supply counts are checked every 10 seconds.